 Dungeon Crawl Stone Soup version 0.27-a0-1193-g8631133539 (webtiles) character file.

Game seed: 9084408027947911311

822 Kold the Slasher (level 7, -6/81 HPs)
             Began as a Demonspawn Delver on May 25, 2021.
             Was an Initiate of Hepliaklqana.
             Mangled by a gnoll sergeant
             ... wielding a +5 vampiric trident
              (9 damage)
             ... on level 5 of the Dungeon.
             The game lasted 00:09:39 (6438 turns).

Kold the Slasher (Demonspawn Delver)                Turns: 6438, Time: 00:09:39

Health: -6/81      AC:  6    Str:  9 (12) XL:     7   Next: 63%
Magic:  7/7        EV: 12    Int: 10 (12) God:    Hepliaklqana [......]
Gold:   194        SH:  0    Dex: 13 (16) Spells: 6/6 levels left

rFire    . . .     SeeInvis .   r - +3 demon blade (flame)
rCold    . . .     Faith    .   (no shield)
rNeg     . . .     Spirit   .   b - +0 leather armour
rPois    .         Reflect  .   (no helmet)
rElec    .         Harm     .   o - +0 cloak
rCorr    .         Rampage  .   (no gloves)
Will     .....                  (no boots)
Stlth    ..........             (no amulet)
HPRegen  0.23/turn              (no ring)
MPRegen  0.10/turn              (no ring)

@: berserking, very quick
A: claws 2, icy blue scales 1, demonic guardian 1
a: Renounce Religion


You were on level 5 of the Dungeon.
You worshipped Hepliaklqana.
Hepliaklqana was noncommittal.
You visited 1 branch of the dungeon, and saw 5 of its levels.

You collected 194 gold pieces.

Inventory:

Hand Weapons
 h - a +0 whip of electrocution
 j - a +2 vorpal flail
 r - a +3 demon blade of flaming (weapon)
Missiles
 e - 8 curare-tipped darts (quivered)
Armour
 b - a +0 leather armour (worn)
 o - a +0 cloak (worn)
Wands
 g - a wand of digging (1)
Scrolls
 a - a scroll of vulnerability {unknown}
 c - 2 scrolls of fog
 d - a scroll of magic mapping
 m - a scroll of noise {unknown}
 n - 2 scrolls of enchant armour {unknown}
 p - a scroll of teleportation {unknown}
 s - 3 scrolls of identify {unknown}
 u - a scroll of amnesia {unknown}
 v - a scroll of torment {unknown}
Potions
 f - 2 potions of lignification
 i - a potion of mutation {unknown}
 k - a potion of attraction {unknown}
 l - 2 potions of degeneration
 q - a potion of curing


   Skills:
 - Level 4.0 Fighting
 * Level 5.1 Long Blades
 - Level 4.5 Maces & Flails
 - Level 3.0 Dodging
 - Level 5.0 Stealth


You had 6 spell levels left.
You didn't know any spells.
Your spell library was empty.

Dungeon Overview and Level Annotations

Branches:
Dungeon (5/15)             Temple (0/1) D:5

Altars:
Hepliaklqana
Nemelex Xobeh
Ru
Sif Muna
Uskayaw
Zin

Shops:
D:5 *


Innate Abilities, Weirdness & Mutations

You have very sharp fingernails.
You are partially covered in icy blue scales. (AC +2)
A weak demonic guardian rushes to your aid.


Message History

The gnoll closely misses you.
You riposte.
You hit the gnoll. You burn the gnoll.
The gnoll is almost dead.
You slash the gnoll! You burn the gnoll.
You kill the gnoll!
You slash the gnoll sergeant! You burn the gnoll sergeant.
The gnoll sergeant is severely wounded.
The gnoll sergeant hits you with a +5 vampiric trident.
You closely miss the gnoll sergeant.
The gnoll sergeant is severely wounded.
The gnoll sergeant hits you with a +5 vampiric trident!
The gnoll sergeant draws strength from your wounds!
You barely miss the gnoll sergeant.
The gnoll sergeant is moderately wounded.
The gnoll sergeant hits you with a +5 vampiric trident.
The gnoll sergeant draws strength from your wounds!
You hit the gnoll sergeant. You burn the gnoll sergeant.
The gnoll sergeant is heavily wounded.
The gnoll sergeant hits you with a +5 vampiric trident!
* * * LOW HITPOINT WARNING * * *
Okay, then.
You feel better.
The gnoll sergeant hits you with a +5 vampiric trident!
* * * LOW HITPOINT WARNING * * *
A demonic guardian appears!
You swap places.
The gnoll sergeant hits you from afar with a +5 vampiric trident!
* * * LOW HITPOINT WARNING * * *
The gnoll sergeant draws strength from your wounds!
The gnoll sergeant blocks your white imp's attack.
It was a potion of degeneration.
There was something very wrong with that liquid.
You feel weakened.
You feel dopey.
You feel clumsy. The gnoll sergeant barely misses you.
Your white imp hits the gnoll sergeant but does no damage.
It was a potion of berserk rage.
A red film seems to cover your vision as you go berserk!
You feel yourself moving faster!
You feel mighty!
The gnoll sergeant hits you from afar with a +5 vampiric trident!
You die...

##.## ###........#
##.## #####.####g'#
##.##
####..#...ggg..#
##.###.......########
#.........gg##
############.## ##g#
##5#.# #@###.# ### ##


You could see a gnoll sergeant (ally target) and a friendly white imp
(summoned).

Vanquished Creatures
  A sky beast (D:4)
  A phantom (D:4)
  A scorpion (D:4)
  A centaur zombie (D:5)
  A centaur skeleton (D:4)
  A hound (D:4)
  An orc priest (D:4)
  A bullfrog skeleton (D:2)
  An iguana (D:5)
  Terence (D:2)
  4 orc wizards
  10 gnolls
  10 adders
  A worm (D:4)
  4 dart slugs
  17 orcs
  4 endoplasms
  2 giant cockroaches
  8 goblins
  11 hobgoblins
  5 kobolds
  5 quokkas
  5 ball pythons
  5 bats
  2 frilled lizards (D:2)
  7 rats
110 creatures vanquished.

Vanquished Creatures (others)
  21 plants (D:2)
21 creatures vanquished.

Grand Total: 131 creatures vanquished

Notes
Turn   | Place    | Note
-------+----------+-------------------------------------------
     0 | D:5      | Kold the Demonspawn Delver began the quest for the Orb.
     0 | D:5      | Reached XP level 1. HP: 18/18 MP: 1/1
    57 | D:4      | Noticed a hound
    72 | D:4      | Killed a hound
    73 | D:4      | Gained mutation: You are partially covered in icy blue
                  | scales. (AC +2) [demonic ancestry]
    73 | D:4      | Reached XP level 2. HP: 3/24 MP: 2/2
    73 | D:4      | Reached XP level 3. HP: 3/29 MP: 3/3
   750 | D:4      | Noticed a scorpion
   955 | D:4      | Gained mutation: You have sharp fingernails. [demonic
                  | ancestry]
   955 | D:4      | Reached XP level 4. HP: 27/35 MP: 4/4
   960 | D:4      | Reached skill level 5 in Stealth
  1297 | D:3      | Found a sparkling altar of Nemelex Xobeh.
  1326 | D:3      | Found a sacrificial altar of Ru.
  1496 | D:3      | Gained mutation: A weak demonic guardian rushes to your
                  | aid. [demonic ancestry]
  1496 | D:3      | Reached XP level 5. HP: 37/42 MP: 5/5
  2701 | D:2      | Gained mutation: You have very sharp fingernails. [demonic
                  | ancestry]
  2701 | D:2      | Reached XP level 6. HP: 43/48 MP: 6/6
  3012 | D:1      | Found a faded altar of an unknown god.
  3704 | D:2      | Noticed Terence
  3712 | D:2      | Killed Terence
  3713 | D:2      | Reached skill level 1 in Long Blades
  5120 | D:4      | Noticed a sky beast
  5126 | D:4      | Killed a sky beast
  5213 | D:4      | Reached XP level 7. HP: 54/54 MP: 7/7
  5851 | D:4      | Found a shimmering blue altar of Sif Muna.
  5985 | D:4      | Found a hazy altar of Hepliaklqana.
  5989 | D:4      | Became a worshipper of Hepliaklqana the Forgotten
  6049 | D:5      | Found Suorr's Superlative Supplies.
  6192 | D:5      | Noticed a +0 short sword
  6192 | D:5      | Noticed a +0 falchion
  6192 | D:5      | Noticed a +0 dagger
  6193 | D:5      | Noticed a +0 spear
  6193 | D:5      | Noticed a +0 short sword
  6193 | D:5      | Noticed a +0 spear
  6193 | D:5      | Noticed a +0 dagger
  6193 | D:5      | Noticed a +0 falchion
  6196 | D:5      | Found a hide-covered altar of Uskayaw.
  6298 | D:5      | Found a staircase to the Ecumenical Temple.
  6356 | D:5      | Reached skill level 5 in Long Blades
  6436 | D:5      | HP: 2/54 [gnoll sergeant/+5 vampiric trident (8)]
  6438 | D:5      | Mangled by a gnoll sergeant

Illustrated notes

Levels and vault maps discovered:
D:1:      nzn_arrival_depleted_hourglass, layout_loops_ring,
          chequers_ecumenical_altar_simple
D:2:      layout_loops_ring, basic_altar, serial_bayou, serial_bayou_lagoon_b,
          serial_bayou_crossing, serial_bayou_lagoon_a, serial_bayou_shore_b,
          uniq_terence
D:3:      minmay_general_purpose_star, layout_basic, nicolae_ru_awakened_eye,
          nemelex_xobeh_ov_fountains_minmay, item_on_display_a
D:4:      layout_loops_corners, lemuel_coloured_pillars_altar,
          nzn_hepliaklqana_mist_gate
D:5:      layout_cave_pods, nicolae_uskayaw_en_pointe, temple_pool_b,
          nicolae_alphabet_shops, corexii_shack, kennysheep_cross_room,
          amcnicky_mini_pool_small, kennysheep_path_1

Skill      XL: |  1  2  3  4  5  6  7 |
---------------+----------------------+-----
Maces & Flails | 2 3 4 |  4.5
Dodging        | 2 3 |  3.0
Stealth        | 5 |  5.0
Fighting       | 4 |  4.0
Long Blades    | 3 5 |  5.1

Action                   |  1- 3 |  4- 6 |  7- 9 || total
-------------------------+-------+-------+-------++-------
Melee: Mace              |    41 |       |       ||    41
       Whip              |    16 |     6 |       ||    22
       Flail             |       |   117 |       ||   117
       Demon blade       |       |    53 |    61 ||   114
Evoke: Wand              |       |       |     2 ||     2
  Use: Potion            |     1 |     2 |     3 ||     6
       Scroll            |       |     1 |       ||     1
 Stab: Sleeping          |     3 |    11 |     1 ||    15
Armor: Leather armour    |     4 |    59 |    26 ||    89
       Skin              |       |    10 |       ||    10
Dodge: Dodged            |    32 |   111 |    47 ||   190
       Rpst.: Demon blade |       |     8 |    13 ||    21

Table legend: (Time is in decaauts)
 A = Elapsed time spent in this place.
 B = Non-inter-level travel time spent in this place.
 C = Inter-level travel time spent in this place.
 D = Time resting spent in this place.
 E = Time spent auto-exploring this place.
 F = Levels seen in this place.
 G = Mean time per level.
                   A        B        C        D        E       F      G
               +--------+--------+--------+--------+--------+-----+--------+
         Total |   6525 |   6351 |    174 |   2213 |   3218 |   5 | 1305.0 |
       Dungeon |   6525 |   6351 |    174 |   2213 |   3218 |   5 | 1305.0 |
               +--------+--------+--------+--------+--------+-----+--------+

Top non-repeatable levels by time:
     D:4: 2344 daAuts
     D:3: 1877 daAuts
     D:2: 1206 daAuts
     D:1: 704 daAuts
     D:5: 393 daAuts
